 Dungeon Crawl Stone Soup version 0.29-a0-841-g116ddc6ace (webtiles) character file.

Game seed: 5239969805758075237

45 kevlar127 the Ruffian (level 3, -1/36 HPs)
             Began as a Troll Berserker on July 14, 2022.
             Was a Believer of Trog.
             Slain by a hobgoblin (2 damage)
             ... led by Robin
             ... on level 2 of the Dungeon.
             The game lasted 00:03:09 (1207 turns).

kevlar127 the Ruffian (Troll Berserker)             Turns: 1207, Time: 00:03:10

Health: -1/36      AC:  4    Str: 27    XL:     3   Next: 42%
Magic:  2/2        EV: 10    Int:  3    God:    Trog [**....]
Gold:   105        SH:  0    Dex:  9    Spells: 2/2 levels left

rFire   . . .      SeeInvis .     - Unarmed
rCold   . . .      Faith    .   (no shield)
rNeg    . . .      Spirit   .   a - +0 animal skin
rPois   .          Reflect  .   (helmet restricted)
rElec   .          Harm     .   (no cloak)
rCorr   .          Rampage  .   (gloves unavailable)
Will    ++...                   (boots unavailable)
Stlth   +.........              (no amulet)
HPRegen 1.92/turn               (no ring)
MPRegen 0.08/turn               (no ring)

@: strong-willed, on berserk cooldown, regenerating, slowed, very slow
A: large, unfitting armour, claws 3, regeneration 1, shaggy fur 1, tough skin 1
a: Renounce Religion, Berserk, Trog's Hand


You were on level 2 of the Dungeon.
You worshipped Trog.
Trog was pleased with you.
You visited 1 branch of the dungeon, and saw 2 of its levels.

You collected 105 gold pieces.

Inventory:

Armour
 a - a +0 animal skin (worn)
Scrolls
 b - a scroll of immolation {unknown}
 d - a scroll of identify {unknown}
 e - 2 scrolls of enchant weapon {unknown}
 f - a scroll of teleportation {unknown}
Potions
 c - 3 potions of heal wounds {unknown}
 g - 2 potions of haste {unknown}


   Skills:
 + Level 2.9 Fighting
 + Level 2.9 Dodging
 + Level 3.5 Unarmed Combat


You had 2 spell levels left.
You didn't know any spells.
Your spell library was empty.

Dungeon Overview and Level Annotations

Branches:
Dungeon (2/15)

Altars:

Annotations:
D:2 Robin


Innate Abilities, Weirdness & Mutations

You are too large for most types of armour.
You have claws for hands.
Your natural rate of healing is unusually fast.
You are covered in fur. (AC +1)
You have tough skin. (AC +1)


Message History

The sling bullet completely misses you. The hobgoblin hits you.
* * * LOW HITPOINT WARNING * * *
The goblin barely misses you.
You barely miss the goblin.
The kobold shoots a sling bullet.
The sling bullet barely misses you. The goblin hits you with a +0 dagger.
* * * LOW HITPOINT WARNING * * *
Robin barely misses you. The hobgoblin hits you.
* * * LOW HITPOINT WARNING * * *
Unknown command.
You closely miss the goblin. You barely miss the goblin.
The hobgoblin no longer looks unusually strong.
Robin roars a battlecry!
The hobgoblin goes into a battle-frenzy!
The goblin hits you but does no damage. The hobgoblin hits you.
* * * LOW HITPOINT WARNING * * *
You closely miss the goblin.
Unknown command.
You claw the goblin!
You kill the goblin!
Trog accepts your kill. Robin closely misses you.
The kobold unwields a +0 sling.
The kobold wields a +0 whip.
The kobold hits you but does no damage. The hobgoblin barely misses you.
The kobold hits you with a +0 whip.
* * * LOW HITPOINT WARNING * * *
Things that are here:
a +0 dagger; a scroll labelled TUTERU PYPROD; a +0 dagger You feel a strong urge to attack something.
You are no longer berserk.
You are exhausted.
You feel yourself slow down.
You barely miss the kobold. The kobold closely misses you.
Your skin crawls.
You feel strong-willed. The kobold barely misses you.
Robin hits you from afar with a +0 spear.
* * * LOW HITPOINT WARNING * * *
The hobgoblin hits you.
You die...

##. #.# .. ..# #.# .# ..#
#.# .# ♣ #
#.##.###.####.# .♣ ..
#.#.##......## ♣♣. ?.#
#.......####.# ♣.. ..
##.#.##.#####.# ♣.P
#.#.###K##.#........# ##.
#...))g)@.....####>†###..
#####.#.g............##..
#.[.................#
...######.######.#####
..?### #.# #...#### ##.
#. g..#..... # #. .##.
.#### #. # ## ## #.


You could see Robin, a hobgoblin (strong) and a kobold.

Vanquished Creatures
  4 bats
  2 endoplasms (D:1)
  A giant cockroach (D:1)
  9 goblins
  6 hobgoblins
  4 jackals (D:1)
  2 kobolds (D:1)
  A quokka (D:1)
  3 ball pythons
  A frilled lizard (D:1)
  3 rats (D:1)
  6 bushes (D:1)
42 creatures vanquished.

Vanquished Creatures (others)
  6 plants
  6 toadstools (D:1)
12 creatures vanquished.

Grand Total: 54 creatures vanquished

Notes
Turn   | Place    | Note
-------+----------+-------------------------------------------
     0 | D:1      | kevlar127 the Troll Berserker began the quest for the Orb.
     0 | D:1      | Reached XP level 1. HP: 22/22 MP: 0/0
   102 | D:1      | Reached XP level 2. HP: 27/29 MP: 1/1
   439 | D:1      | Reached ** piety under Trog
   509 | D:1      | Reached XP level 3. HP: 33/36 MP: 2/2
  1181 | D:2      | Noticed Robin
  1207 | D:2      | HP: 1/36 [Robin/+0 spear (5)]
  1207 | D:2      | Slain by a hobgoblin

Illustrated notes

Levels and vault maps discovered:
D:1:      ldierk_walled_garden_2, layout_loops_ring, serial_forest,
          infiniplex_forest_straight_3, infiniplex_forest_lined_4_way,
          infiniplex_forest_clump_diagonal, infiniplex_forest_clump_long,
          infiniplex_forest_lined_corner, infiniplex_forest_clump_tiny,
          infiniplex_forest_straight_3, infiniplex_forest_corner_1,
          infiniplex_forest_clump_large, skrybe_limestone_x,
          hangedman_decor_opposing, minmay_gold_behind_fungi
D:2:      cheibrodos_old_hovel, layout_loops_ring, uniq_crazy_yiuf_cottage,
          uniq_robin

Action                   || total
-------------------------++-------
Melee: Unarmed           ||   300
       Punch             ||     8
Invok: Berserk           ||     1
       Trog's Hand       ||     1
Armor: Animal skin       ||    40
Dodge: Dodged            ||    53

Table legend: (Time is in decaauts)
 A = Elapsed time spent in this place.
 B = Non-inter-level travel time spent in this place.
 C = Inter-level travel time spent in this place.
 D = Time resting spent in this place.
 E = Time spent auto-exploring this place.
 F = Levels seen in this place.
 G = Mean time per level.
                   A        B        C        D        E       F      G
               +--------+--------+--------+--------+--------+-----+--------+
         Total |   1182 |   1182 |      0 |      0 |    757 |   2 |  591.0 |
       Dungeon |   1182 |   1182 |      0 |      0 |    757 |   2 |  591.0 |
               +--------+--------+--------+--------+--------+-----+--------+

Top non-repeatable levels by time:
     D:1: 1124 daAuts
     D:2: 57 daAuts
